 Dungeon Crawl Stone Soup version 0.27-a0-920-gb2bd10914a (webtiles) character file.

Game seed: 10366107413286996110

5679 funkygono the Thaumaturge (level 10, -7/72 HPs)
             Began as a Purple Draconian Fire Elementalist on Apr 10, 2021.
             Was a Priest of Vehumet.
             Shot with an arrow by a centaur (13 damage)
             ... on level 9 of the Dungeon.
             The game lasted 00:28:35 (9403 turns).

funkygono the Thaumaturge (DrFE)                    Turns: 9403, Time: 00:28:35

Health: -7/72      AC: 11    Str: 11    XL:     10   Next: 47%
Magic:  17/24      EV: 13    Int: 19    God:    Vehumet [***...]
Gold:   498        SH:  5    Dex: 11    Spells: 15/30 levels left

rFire    . . .     SeeInvis .   g - +2 whip (venom)
rCold    . . .     Faith    .   p - +2 buckler
rNeg     . . .     Spirit   .   (armour unavailable)
rPois    .         Reflect  .   (helmet restricted)
rElec    .         Harm     .   j - +2 cloak
rCorr    .         Rampage  .   (no gloves)
Will     +....                  y - +0 pair of boots
Stlth    ++........             c - amulet of magic regeneration
HPRegen  0.22/turn              k - ring of fire
MPRegen  0.44/turn              o - ring of ice

@: no status effects
A: breathe power, AC +7, unfitting armour, cold-blooded
a: Breathe Dispelling Energy, Renounce Religion


You were on level 9 of the Dungeon.
You worshipped Vehumet.
Vehumet was most pleased with you.
You visited 1 branch of the dungeon, and saw 9 of its levels.
You also visited: Sewer.

You collected 498 gold pieces.

Inventory:

Hand Weapons
 g - a +2 whip of venom (weapon)
Missiles
 n - a throwing net
 s - a curare-tipped dart
Armour
 j - a +2 cloak (worn)
 p - a +2 buckler (worn)
 y - a +0 pair of boots (worn)
Jewellery
 c - an amulet of magic regeneration (around neck)
 k - a ring of fire (left hand)
 m - a ring of flight
 o - a ring of ice (right hand)
Wands
 x - a wand of random effects (26)
 B - a wand of flame (20)
Scrolls
 t - a scroll of fear
 v - a scroll of magic mapping
 w - a scroll of amnesia
 A - 2 scrolls of blinking
Potions
 a - a potion of heal wounds
 b - a potion of curing
 d - 2 potions of attraction
 e - 2 potions of brilliance
 f - 2 potions of haste
 h - 2 potions of cancellation
 i - 2 potions of mutation
 l - 2 potions of might
 q - a potion of magic
 u - 2 potions of flight


   Skills:
 + Level 1.6 Fighting
 + Level 1.2 Maces & Flails
 * Level 5.6 Dodging
 - Level 1.7 Stealth
 + Level 1.4 Shields
 * Level 10.6 Spellcasting
 + Level 7.3 Conjurations
 + Level 8.3 Fire Magic


You had 15 spell levels left.
You knew the following spells:

 Your Spells              Type           Power      Damage    Failure   Level
a - Foxfire               Conj/Fire      100%       2x1d9     1%          1
b - Sticky Flame          Conj/Fire      56%        2d7       1%          4
c - Fireball              Conj/Fire      28%        3d12      3%          5
d - Shock                 Conj/Air       96%        1d9       1%          1
e - Vampiric Draining     Necr           5%         2d6       28%         3
f - Freeze                Ice            60%        1d8       2%          1

Your spell library contained the following spells:

 Spells                   Type           Power      Damage    Failure   Level
 Static Discharge         Conj/Air       24%        N/A       1%          3
 Conjure Flame            Conj/Fire      56%        6-21      1%          3
 Inner Flame              Hex/Fire       39%        N/A       1%          3
 Iskenderun's Battlesphe  Conj           38%        2d9       3%          5
 Bolt of Magma            Conj/Fire/Erth 22%        4d11      9%          5
 Iron Shot                Conj/Erth      12%        9d3       58%         6
 Orb of Destruction       Conj           19%        9d8       65%         7
 Dispel Undead            Necr           10%        3d9       67%         4
 Metabolic Englaciation   Hex/Ice        7%         N/A       95%         5
 Spellforged Servitor     Conj/Summ      12%        N/A       98%         7
 Death Channel            Necr           5%         N/A       100%        6


Dungeon Overview and Level Annotations

Branches:
Dungeon (9/15)             Temple (0/1) D:7           Sewer (visited)
   Lair: D:8-11         Orc: D:9-12

Altars:
Cheibriados
Elyvilon
Gozag
Hepliaklqana
Nemelex Xobeh
Qazlal
Vehumet
Zin
The Shining One

Shops:
D:3 ?   D:4 *   D:5 =


Innate Abilities, Weirdness & Mutations

You can breathe bolts of dispelling energy.
Your rich purple scales are hard. (AC +7)
You cannot fit into any form of body armour.
You are cold-blooded and may be slowed by cold attacks.


Message History

Casting: Foxfire (safe; 1% risk of failure)
Confirm with . or Enter, or press ? or * to list all spells.
You feel a surge of power!
You conjure some foxfire!
The foxfire hits the centaur.
The centaur is almost dead.
The foxfire hits the centaur.
You kill the centaur!
Vehumet accepts your kill.
You feel your power returning.
The foxfire hits the centaur.
The centaur is lightly wounded.
The foxfire hits the centaur!
The centaur is heavily wounded.
The centaur shoots an arrow.
The arrow hits you!
The centaur shoots an arrow.
The arrow barely misses you.
Casting: Foxfire (safe; 1% risk of failure)
Confirm with . or Enter, or press ? or * to list all spells.
You feel a surge of power!
You conjure some foxfire!
The centaur shoots an arrow.
The arrow hits you.
The centaur shoots an arrow.
You block the arrow.
The foxfire hits the centaur but does no damage.
The centaur is heavily wounded.
The centaur shoots an arrow.
The arrow hits you!
* * * LOW HITPOINT WARNING * * *
The centaur shoots an arrow.
The arrow hits you but does no damage.
Casting: Foxfire (safe; 1% risk of failure)
Confirm with . or Enter, or press ? or * to list all spells.
You feel a surge of power!
You conjure some foxfire!
The foxfire hits the centaur.
The centaur is severely wounded.
The foxfire hits the centaur.
The centaur is almost dead.
The centaur shoots an arrow.
The arrow hits you!
* * * LOW HITPOINT WARNING * * *
The centaur shoots an arrow.
The arrow hits you.
* * * LOW HITPOINT WARNING * * *
The centaur shoots an arrow.
You block the arrow.
The foxfire hits the centaur but does no damage.
The centaur is almost dead.
The centaur shoots an arrow.
The arrow hits you!
You die...

#.....# #...
.### #...
...# #..#
...# #..#
...#
#..##...#
#.......###
#<.@§§....#.
#.##§§§.≈≈≈≈
#.##.§v§≈≈≈≈
#...≈≈v≈≈≈cc
#..≈≈≈≈c####
#.≈≈≈≈.##
#.≈≈≈c.#
#.≈≈≈...
#≈≈≈≈....


You could see 3 centaurs.

Vanquished Creatures
  A two-headed ogre (D:8)
  Maggie (D:8)
  A hornet (D:7)
  3 wyverns
  A wraith (D:8)
  2 water moccasins
  An orc warrior (D:8)
  An ice beast (D:6)
  2 black bears
  3 necrophages
  4 ogres
  3 centaurs
  6 kobold brigands (Sewer)
  2 bullfrogs (D:6)
  A wyvern zombie (D:5)
  3 scorpions
  A water moccasin zombie (D:6)
  3 killer bees (D:8)
  2 howler monkeys
  A bullfrog zombie (D:6)
  5 centaur zombies
  7 orc priests
  4 jellies
  6 hounds
  2 iguanas
  7 orc wizards
  Ijyb (D:5)
  A hound skeleton (D:4)
  A howler monkey zombie (D:8)
  9 adders
  3 river rats (Sewer)
  3 shadow imps
  A white imp (D:7)
  An ufetubus (D:7)
  4 worms
  4 dart slugs
  24 orcs
  13 ball pythons
  3 bats (D:1)
  8 endoplasms
  7 giant cockroaches
  7 hobgoblins
  4 jackals (D:3)
  10 kobolds
  A quokka (D:1)
  2 ball python zombies (D:1)
  4 frilled lizards
  5 goblins
  6 rats
195 creatures vanquished.

Vanquished Creatures (collateral kills)
  A foxfire (D:7)
1 creature vanquished.

Vanquished Creatures (others)
  A goblin (D:4)
  789 foxfires
  4 plants (D:1)
794 creatures vanquished.

Grand Total: 990 creatures vanquished

Notes
Turn   | Place    | Note
-------+----------+-------------------------------------------
     0 | D:1      | funkygono the Draconian Fire Elementalist began the quest
                  | for the Orb.
     0 | D:1      | Reached XP level 1. HP: 14/14 MP: 3/3
   244 | D:1      | Reached XP level 2. HP: 20/20 MP: 0/5
   814 | D:1      | Identified the Incunabulum of Congealing Stolen Souls
   837 | D:1      | Reached XP level 3. HP: 26/26 MP: 3/6
   939 | D:1      | Found a faded altar of an unknown god.
  1946 | D:2      | Found a radiant altar of Vehumet.
  1952 | D:2      | Became a worshipper of Vehumet
  2288 | D:3      | Reached XP level 4. HP: 21/33 MP: 2/8
  2690 | D:3      | Found a sparkling altar of Nemelex Xobeh.
  2784 | D:3      | Found Zewaan's Magic Scroll Shop.
  3361 | D:3      | Reached skill level 3 in Spellcasting
  3361 | D:3      | Reached XP level 5. HP: 39/39 MP: 9/9
  3521 | D:4      | Learned a level 5 spell: Fireball
  3526 | D:4      | Learned a level 4 spell: Sticky Flame
  3575 | D:4      | Found Pifiqus's General Store.
  3605 | D:4      | Noticed a black bear
  3616 | D:4      | Killed a black bear
  3617 | D:4      | Reached XP level 6. HP: 29/46 MP: 5/11
  3817 | D:4      | Reached skill level 4 in Spellcasting
  3817 | D:4      | Reached skill level 5 in Fire Magic
  4016 | D:5      | Entered Level 5 of the Dungeon
  4097 | D:5      | Your scales start taking on a rich purple colour.
  4097 | D:5      | Reached skill level 5 in Spellcasting
  4097 | D:5      | Reached XP level 7. HP: 48/51 MP: 14/14
  4109 | D:5      | Reached * piety under Vehumet
  4109 | D:5      | Offered knowledge of Shock by Vehumet.
  4357 | D:5      | Found Jietop's Jewellery Boutique.
  4400 | D:5      | Noticed Ijyb
  4437 | D:5      | Killed Ijyb
  4438 | D:5      | Reached skill level 5 in Conjurations
  4596 | D:5      | Reached skill level 6 in Spellcasting
  4762 | D:5      | Reached XP level 8. HP: 48/58 MP: 8/17
  5101 | D:5      | Learned a level 1 spell: Shock
  5141 | D:5      | Learned a level 3 spell: Vampiric Draining
  5206 | D:6      | Reached skill level 1 in Fighting
  5338 | D:6      | Found a glowing drain.
  5347 | Sewer    | Entered a sewer
  5487 | Sewer    | Reached skill level 7 in Spellcasting
  5977 | Sewer    | Offered knowledge of Freeze by Vehumet.
  6071 | Sewer    | Reached ** piety under Vehumet
  6163 | D:6      | Reached skill level 8 in Spellcasting
  6170 | D:6      | Reached XP level 9. HP: 57/64 MP: 14/21
  6503 | D:6      | Learned a level 1 spell: Freeze
  6713 | D:6      | Found a snail-covered altar of Cheibriados.
  6839 | D:6      | Found a stormy altar of Qazlal.
  6839 | D:6      | Found a hazy altar of Hepliaklqana.
  7114 | D:7      | Offered knowledge of Static Discharge by Vehumet.
  7212 | D:7      | Reached skill level 9 in Spellcasting
  7732 | D:7      | Reached skill level 5 in Dodging
  7764 | D:7      | Found a staircase to the Ecumenical Temple.
  8085 | D:8      | Found a glowing silver altar of Zin.
  8086 | D:8      | Found a glowing golden altar of the Shining One.
  8087 | D:8      | Found a white marble altar of Elyvilon.
  8117 | D:8      | Reached *** piety under Vehumet
  8173 | D:8      | Found an opulent altar of Gozag.
  8485 | D:8      | Noticed a two-headed ogre
  8501 | D:8      | Killed a two-headed ogre
  8502 | D:8      | Reached skill level 1 in Shields
  8502 | D:8      | Reached skill level 10 in Spellcasting
  8502 | D:8      | Reached XP level 10. HP: 63/71 MP: 20/24
  8736 | D:8      | Noticed Maggie
  8756 | D:8      | Killed Maggie
  8913 | D:8      | Reached skill level 1 in Maces & Flails
  9357 | D:8      | Identified a scroll of acquirement
  9357 | D:8      | Acquired a book of Power
  9403 | D:9      | Shot with an arrow by a centaur

Illustrated notes

Levels and vault maps discovered:
D:1:      saegor_arrival_fortress, layout_loops_ring,
          ebering_ecumenical_altar_hall, serial_bayou_pond_a, minmay_octomino_j4
D:2:      layout_loops_cross, basic_altar
D:3:      layout_loops_ring, nemelex_xobeh_ov_fountains_minmay, serial_rivers,
          chequers_serial_rivers_micro_c, chequers_serial_rivers_room_a,
          chequers_serial_rivers_micro_e, chequers_serial_rivers_room_b,
          chequers_serial_rivers_micro_c, chequers_serial_rivers_room_a,
          serial_shops, shop
D:4:      layout_cave_pools, serial_shops, nicolae_shop_window_shopping
D:5:      layout_basic, serial_shops, shop, minmay_misc_feat_roman,
          kennysheep_path_1, roderic_lattice_a, uniq_ijyb
D:6:      cheibrodos_barr_body, layout_loops_cross, lemuel_tele_altar,
          amethyst_overflow_temple_binary, portal_sewer_entry_d
D:7:      layout_rooms, temple_green, feat_on_display
D:8:      layout_basic, good_gods_temple_1,
          nicolae_gozag_cash_rules_everything_around_me, hex_tiny, uniq_maggie
D:9:      layout_stronghold, fedhas_bush_and_centaur_altar, david_lair_generic,
          centaur_isle, uniq_joseph, uniq_erolcha, uniq_pikel

Skill      XL: |  1  2  3  4  5  6  7  8  9 10 |
---------------+-------------------------------+-----
Conjurations   | 2 3 4 5 6 7 |  7.3
Fire Magic     | 4 5 6 8 |  8.3
Spellcasting   | 3 5 6 8 10 | 10.6
Dodging        | 2 3 5 |  5.6
Fighting       | 1 |  1.6
Shields        | 1 |  1.4
Maces & Flails | 1 |  1.2
Stealth        | |  1.7

Action                   |  1- 3 |  4- 6 |  7- 9 | 10-12 || total
-------------------------+-------+-------+-------+-------++-------
Melee: Whip              |       |    18 |    54 |     9 ||    81
       Tailslap          |       |       |     8 |     1 ||     9
 Cast: Foxfire           |    92 |    63 |   292 |    33 ||   480
       Sticky Flame      |       |     1 |    24 |     9 ||    34
  Use: Scroll            |     8 |     5 |     7 |     5 ||    25
Armor: Skin              |     8 |    17 |    42 |    22 ||    89
Dodge: Dodged            |    25 |    29 |    86 |    28 ||   168
Block: Buckler           |       |       |     9 |    14 ||    23

Table legend: (Time is in decaauts)
 A = Elapsed time spent in this place.
 B = Non-inter-level travel time spent in this place.
 C = Inter-level travel time spent in this place.
 D = Time resting spent in this place.
 E = Time spent auto-exploring this place.
 F = Levels seen in this place.
 G = Mean time per level.
                   A        B        C        D        E       F      G
               +--------+--------+--------+--------+--------+-----+--------+
         Total |   9425 |   9260 |    165 |    175 |   7365 |  10 |  942.5 |
       Dungeon |   8645 |   8480 |    165 |    175 |   6808 |   9 |  960.6 |
         Sewer |    779 |    779 |      0 |      0 |    557 |   1 |  779.0 |
               +--------+--------+--------+--------+--------+-----+--------+

Top non-repeatable levels by time:
     D:8: 1572 daAuts
     D:1: 1384 daAuts
     D:5: 1128 daAuts
     D:3: 1102 daAuts
     D:6: 1031 daAuts
     D:2: 889 daAuts
     D:7: 876 daAuts
   Sewer: 779 daAuts
     D:4: 641 daAuts
     D:9: 18 daAuts
